Flyers vs MapleLeafs

Created - Sunday, December 21, 2014 at 01:45

Goals
1 2 3 T
Flyers 2 4 0 6
MapleLeafs 0 1 0 1
Shots
1 2 3 T
Flyers 8 13 4 25
MapleLeafs 4 12 1 17

1st period

1. Flyers , Riley Nash 1 (Cody McLeod, Daniel Winnik) at 3:57
2. Flyers , Evgeni Malkin 21 (Niklas Kronwall) at 5:33

Penalties :
Ryan Kesler (Tor) for Roughing (Minor) at 0:44, Drew Doughty (Tor) for Boarding (Minor) at 9:26

2nd period

3. Flyers , Taylor Hall 17 (Evgeni Malkin) at 12:34
4. Flyers , Jakub Voracek 9 (Bryan Little, Gabriel Landeskog) at 13:13
5. MapleLeafs , Nick Foligno 3 (Joe Thornton) at 14:47 (SH)
6. Flyers , Evgeni Malkin 22 (Mikko Koivu) at 14:55 (PP)
7. Flyers , Evgeni Malkin 23 (Kris Letang, Taylor Hall) at 17:58

Penalties :
Slava Voynov (Phi) for Holding Stick (Minor) at 2:54, Alexander Steen (Tor) for Interference (Minor) at 14:26

3rd period

No Goal

Penalties :
Drew Doughty (Tor) for Holding (Minor) at 5:26, Zack Smith (Tor) for Tripping (Minor) at 10:40, Chris Kreider (Phi) for Hooking (Minor) at 13:50, Marc-Edouard Vlasic (Tor) for Tripping (Minor) at 17:18, Gabriel Landeskog (Phi) for Interference (Minor) at 17:44

Goalie Stats

Corey Crawford (Phi), 16 saves from 17 shots - (0.941), W, 19-2-3, 60:00 minutes
Ondrej Pavelec (Tor), 12 saves from 16 shots - (0.750), L, 5-1-0, 33:13 minutes
Cory Schneider (Tor), 7 saves from 9 shots - (0.778), 26:47 minutes

Players Stats for Flyers

Player Name              G  A  P  +/- PIM S  H  SB GA TA FO     MP     PP MP  PK MP  
------------------------------------------------------------------------------------
Bryan Little             0  1  1   1  0   3  3  0  1  0  5/14   18:39   4:10   0:26 
Chris Kreider            0  0  0   0  2   0  2  0  0  1  0/0    10:33   0:00   0:00 
Cody McLeod              0  1  1   1  0   1  1  0  0  0  0/0     8:21   0:00   0:30 
Daniel Winnik            0  1  1   1  0   0  2  0  0  1  0/0     7:48   0:00   0:41 
Dennis Seidenberg        0  0  0   2  0   0  1  3  0  0  0/0    15:14   0:00   2:38 
Evgeni Malkin            3  1  4   2  0   8  3  0  7  0  2/3    19:18   4:41   0:00 
Gabriel Landeskog        0  1  1   1  2   1  1  0  0  1  0/0    17:52   4:09   0:00 
Jack Johnson             0  0  0   0  0   0  0  1  0  0  0/0    19:23   0:00   2:38 
Jakub Voracek            1  0  1   1  0   2  0  0  4  0  0/0    17:49   4:10   0:04 
Jason Chimera            0  0  0   0  0   0  1  0  1  1  0/0    14:03   0:00   3:13 
Kris Letang              0  1  1   2  0   0  2  0  0  1  0/0    23:10   5:12   1:25 
Mark Letestu             0  0  0   0  0   2  0  0  0  0  3/7    14:03   0:00   3:13 
Mikko Koivu              0  1  1   2  0   0  0  0  1  0  8/19   18:34   4:41   0:41 
Niklas Kronwall          0  1  1   3  0   1  0  0  0  4  0/0    22:05   3:39   1:46 
P.K. Subban              0  0  0  -1  0   0  1  1  2  1  0/0    22:41   5:12   0:00 
Riley Nash               1  0  1   1  0   1  0  0  1  0  2/2     7:07   0:00   0:00 
Slava Voynov             0  0  0   2  2   0  0  0  0  0  0/0    18:02   3:39   0:21 
Taylor Hall              1  1  2   2  0   6  0  1  3  0  0/1    19:18   4:41   0:00 

Players Stats for MapleLeafs

Player Name              G  A  P  +/- PIM S  H  SB GA TA FO     MP     PP MP  PK MP  
------------------------------------------------------------------------------------
Alexander Steen          0  0  0  -3  2   2  0  0  0  0  0/1    20:55   1:51   6:01 
Brandon Sutter           0  0  0   0  0   0  1  1  1  1  6/12   14:22   2:12   0:00 
Dominic Moore            0  0  0  -1  0   0  1  0  0  1  0/0     9:17   0:00   0:27 
Drew Doughty             0  0  0  -2  4   1  2  0  0  2  0/0    24:09   2:11   2:59 
Dustin Brown             0  0  0   0  0   2  1  0  0  0  0/0    14:22   2:12   0:00 
Gregory Campbell         0  0  0  -1  0   0  0  0  0  0  4/7     8:50   0:00   0:00 
Jarred Tinordi           0  0  0  -3  0   1  2  0  0  0  0/0    13:21   0:21   0:00 
Joe Thornton             0  1  1  -2  0   1  1  0  2  1  13/22  21:31   1:51   6:29 
Karl Alzner              0  0  0   1  0   0  0  3  0  1  0/0    20:39   2:13   3:16 
Kyle Palmieri            0  0  0  -1  0   0  1  1  2  0  0/0     8:50   0:00   0:00 
Lee Stempniak            0  0  0  -1  0   2  1  0  0  0  0/0    12:17   0:21   0:00 
Marc-Edouard Vlasic      0  0  0   1  2   1  1  1  0  1  0/0    19:48   2:13   2:50 
Nick Foligno             1  0  1   0  0   2  1  0  2  0  0/0    13:56   0:00   2:05 
Robyn Regehr             0  0  0  -2  0   0  2  2  0  4  0/0    26:45   2:11   5:35 
Ryan Kesler              0  0  0  -3  2   2  0  0  3  0  0/0    15:26   1:51   0:55 
Scott Harrington         0  0  0  -3  0   0  1  0  0  1  0/0    15:54   0:00   3:02 
Zach Parise              0  0  0   0  0   1  0  0  4  0  1/1    17:09   2:12   1:45 
Zack Smith               0  0  0  -1  2   2  0  0  1  0  2/3    11:59   0:21   0:00 

3 Stars

1 - Evgeni Malkin (Phi)
2 - Taylor Hall (Phi)
3 - Niklas Kronwall (Phi)

Power Play

Flyers - 1 on 6 Attempt(s) - 16.67%
MapleLeafs - 0 on 3 Attempt(s) - 0.00%

Penalty Kill

Flyers - 3 on 3 Attempt(s) - 100.00% - Score 0 goal in Penalty Kill
MapleLeafs - 5 on 6 Attempt(s) - 83.33% - Score 1 goal in Penalty Kill

Official

Referees : Unknown
Linesman : Unknown

Game Notes

Cory Schneider enters game at 13:13 of 2nd period
Evgeni Malkin has scored a Hat Trick!

Finance

Level 1 -- Attendance: 5406 (90.10%) -- Ticket Income $459,510
Level 2 -- Attendance: 4753 (95.06%) -- Ticket Income $237,650
Level 3 -- Attendance: 1930 (96.50%) -- Ticket Income $57,900
Level 4 -- Attendance: 2849 (71.23%) -- Ticket Income $56,980
Luxury Box -- Attendance: 773 (77.30%) -- Ticket Income $146,870
Game was played at the Air Canada Centre
Total Attendance: 15711 (87.28%)
Total Ticket Income: $958,910
Other Income: $469,866
Total Income: $1,428,776

Flyers

5 vs 5 Forward 
   Center                   Left Wing                Right Wing               Time % Phy DF OF 
 1 Mikko Koivu              Taylor Hall              Evgeni Malkin            36     0   0  5  
 2 Bryan Little             Gabriel Landeskog        Jakub Voracek            32     0   2  3  
 3 Mark Letestu             Chris Kreider            Jason Chimera            20     0   3  2  
 4 Riley Nash               Daniel Winnik            Cody McLeod              12     2   2  1  

5 vs 5 Defense 
   Defense                  Defense                                           Time % Phy DF OF 
 1 Jack Johnson             P.K. Subban                                       35     0   2  3  
 2 Kris Letang              Niklas Kronwall                                   35     0   2  3  
 3 Slava Voynov             Dennis Seidenberg                                 20     2   3  0  
 4 Slava Voynov             Dennis Seidenberg                                 10     1   4  0  

PowerPlay Forward 
   Center                   Left Wing                Right Wing               Time % Phy DF OF 
 1 Mikko Koivu              Taylor Hall              Evgeni Malkin            60     0   0  5  
 2 Bryan Little             Gabriel Landeskog        Jakub Voracek            40     0   0  5  

PowerPlay Defense
   Defense                  Defense                                           Time % Phy DF OF 
 1 Kris Letang              P.K. Subban                                       60     0   1  4  
 2 Slava Voynov             Niklas Kronwall                                   40     0   1  4  

Penalty Kill 4 Players Forward 
   Center                   Wing                     Time % Phy DF OF 
 1 Mark Letestu             Jason Chimera            60     0   4  1  
 2 Mikko Koivu              Daniel Winnik            40     0   5  0  

Penalty Kill 4 Players Defense
   Defense                  Defense                  Time % Phy DF OF 
 1 Jack Johnson             Dennis Seidenberg        60     0   4  1  
 2 Kris Letang              Niklas Kronwall          40     0   5  0  

Penalty Kill - 3 Players Forward 
   Forward                                           Time % Phy DF OF 
 1 Mark Letestu                                      50     0   5  0  
 2 Bryan Little                                      50     0   5  0  

Penalty Kill - 3 Players Defense
   Defense                  Defense                  Time % Phy DF OF 
 1 Jack Johnson             Dennis Seidenberg        60     0   5  0  
 2 Kris Letang              Niklas Kronwall          40     0   5  0  

4 vs 4 Forward 
   Center                   Wing                     Time % Phy DF OF 
 1 Evgeni Malkin            Taylor Hall              60     0   1  4  
 2 Bryan Little             Jakub Voracek            40     0   1  4  

4 vs 4 Defense
   Defense                  Defense                  Time % Phy DF OF 
 1 Kris Letang              P.K. Subban              60     1   3  1  
 2 Slava Voynov             Niklas Kronwall          40     1   3  1  

Last Minutes Offensive
   Center                   Left Wing                Right Wing               Defense                  Defense                  
   Evgeni Malkin            Taylor Hall              Jakub Voracek            Niklas Kronwall          P.K. Subban              

Last Minutes Defensive
   Center                   Left Wing                Right Wing               Defense                  Defense                  
   Mikko Koivu              Mark Letestu             Bryan Little             Jack Johnson             Niklas Kronwall          

Goaltenders
Starting : Corey Crawford           
Backup : Darcy Kuemper            

Extra Forwards
Normal : Evgeni Malkin, Taylor Hall, Jakub Voracek - PP : Chris Kreider, Mark Letestu - PK : Bryan Little
Extra Defensemen
Normal : Niklas Kronwall, Slava Voynov, Kris Letang - PP : Jack Johnson - PK : Slava Voynov, P.K. Subban
Penalty Shots
Taylor Hall, Bryan Little, Evgeni Malkin, Mikko Koivu, Gabriel Landeskog

MapleLeafs

5 vs 5 Forward 
   Center                   Left Wing                Right Wing               Time % Phy DF OF 
 1 Joe Thornton             Alexander Steen          Ryan Kesler              35     1   2  2  
 2 Brandon Sutter           Zach Parise              Dustin Brown             30     1   2  2  
 3 Zack Smith               Nick Foligno             Lee Stempniak            22     1   2  2  
 4 Gregory Campbell         Dominic Moore            Kyle Palmieri            13     1   2  2  

5 vs 5 Defense 
   Defense                  Defense                                           Time % Phy DF OF 
 1 Drew Doughty             Robyn Regehr                                      35     1   2  2  
 2 Karl Alzner              Marc-Edouard Vlasic                               30     1   2  2  
 3 Jarred Tinordi           Scott Harrington                                  22     1   2  2  
 4 Drew Doughty             Robyn Regehr                                      13     1   2  2  

PowerPlay Forward 
   Center                   Left Wing                Right Wing               Time % Phy DF OF 
 1 Joe Thornton             Alexander Steen          Ryan Kesler              60     1   2  2  
 2 Brandon Sutter           Zach Parise              Dustin Brown             40     1   2  2  

PowerPlay Defense
   Defense                  Defense                                           Time % Phy DF OF 
 1 Drew Doughty             Robyn Regehr                                      60     1   2  2  
 2 Karl Alzner              Marc-Edouard Vlasic                               40     1   2  2  

Penalty Kill 4 Players Forward 
   Center                   Wing                     Time % Phy DF OF 
 1 Joe Thornton             Alexander Steen          60     1   2  2  
 2 Zach Parise              Ryan Kesler              40     1   2  2  

Penalty Kill 4 Players Defense
   Defense                  Defense                  Time % Phy DF OF 
 1 Drew Doughty             Robyn Regehr             60     1   2  2  
 2 Karl Alzner              Marc-Edouard Vlasic      40     1   2  2  

Penalty Kill - 3 Players Forward 
   Forward                                           Time % Phy DF OF 
 1 Joe Thornton                                      60     1   2  2  
 2 Alexander Steen                                   40     1   2  2  

Penalty Kill - 3 Players Defense
   Defense                  Defense                  Time % Phy DF OF 
 1 Drew Doughty             Robyn Regehr             60     1   2  2  
 2 Karl Alzner              Marc-Edouard Vlasic      40     1   2  2  

4 vs 4 Forward 
   Center                   Wing                     Time % Phy DF OF 
 1 Joe Thornton             Alexander Steen          60     1   2  2  
 2 Zach Parise              Ryan Kesler              40     1   2  2  

4 vs 4 Defense
   Defense                  Defense                  Time % Phy DF OF 
 1 Drew Doughty             Robyn Regehr             60     1   2  2  
 2 Karl Alzner              Marc-Edouard Vlasic      40     1   2  2  

Last Minutes Offensive
   Center                   Left Wing                Right Wing               Defense                  Defense                  
   Joe Thornton             Alexander Steen          Ryan Kesler              Drew Doughty             Robyn Regehr             

Last Minutes Defensive
   Center                   Left Wing                Right Wing               Defense                  Defense                  
   Joe Thornton             Alexander Steen          Ryan Kesler              Drew Doughty             Robyn Regehr             

Goaltenders
Starting : Ondrej Pavelec           
Backup : Cory Schneider           

Extra Forwards
Normal : Lee Stempniak, Zack Smith, Nick Foligno - PP : Lee Stempniak, Zack Smith - PK : Nick Foligno
Extra Defensemen
Normal : Jarred Tinordi, Scott Harrington, Karl Alzner - PP : Jarred Tinordi - PK : Scott Harrington, Karl Alzner
Penalty Shots
Joe Thornton, Alexander Steen, Zach Parise, Ryan Kesler, Dustin Brown

% Time on Ice - Flyers

Lines # - Real PCT - Wanted PCT - Time Play
Normal Forward
1 - 31% - 36% - 14:10
2 - 30% - 32% - 13:27
3 - 23% - 20% - 10:28
4 - 16% - 12% - 7:07
Normal Defense
1 - 39% - 35% - 17:29
2 - 35% - 35% - 15:59
3 - 19% - 20% - 8:42
4 - 7% - 10% - 3:02
PP Forward
1 - 53% - 60% - 4:41
2 - 47% - 40% - 4:10
PP Defense
1 - 59% - 60% - 5:12
2 - 41% - 40% - 3:39
PK Forward
1 - 84% - 60% - 3:43
2 - 16% - 40% - 0:41
PK Defense
1 - 60% - 60% - 2:38
2 - 40% - 40% - 1:46
PK3 Forward
1 - 0% - 50%
2 - 0% - 50%
PK3 Defense
1 - 0% - 60%
2 - 0% - 40%
44 Forward
1 - 100% - 60% - 1:33
2 - 0% - 40% - 0:00
44 Defense
1 - 56% - 60% - 0:52
2 - 44% - 40% - 0:41
Last Minute Offensive  - 0:00
Last Minute Defensive  - 0:00
Total
Forward - 60:00
Defense - 60:00

% Time on Ice - MapleLeafs

Lines # - Real PCT - Wanted PCT - Time Play
Normal Forward
1 - 27% - 35% - 12:02
2 - 29% - 30% - 13:12
3 - 25% - 22% - 11:08
4 - 20% - 13% - 8:50
Normal Defense
1 - 31% - 35% - 14:11
2 - 33% - 30% - 14:46
3 - 28% - 22% - 12:36
4 - 8% - 13% - 3:39
PP Forward
1 - 50% - 60% - 2:12
2 - 50% - 40% - 2:12
PP Defense
1 - 50% - 60% - 2:11
2 - 50% - 40% - 2:13
PK Forward
1 - 80% - 60% - 7:06
2 - 20% - 40% - 1:45
PK Defense
1 - 63% - 60% - 5:35
2 - 37% - 40% - 3:16
PK3 Forward
1 - 0% - 60%
2 - 0% - 40%
PK3 Defense
1 - 0% - 60%
2 - 0% - 40%
44 Forward
1 - 100% - 60% - 1:33
2 - 0% - 40% - 0:00
44 Defense
1 - 74% - 60% - 1:09
2 - 26% - 40% - 0:24
Last Minute Offensive  - 0:00
Last Minute Defensive  - 0:00
Total
Forward - 60:00
Defense - 60:00

Play by Play

1st period


0:01 of 1st period - Joe Thornton wins face-off versus Mikko Koivu in neutral zone.
0:04 of 1st period - Snap shot by Ryan Kesler.
0:04 of 1st period - Shot Misses the Net.
0:30 of 1st period - Snap shot by Evgeni Malkin.
0:30 of 1st period - Stopped by Ondrej Pavelec with a rebound.
0:44 of 1st period - Minor Penalty to Ryan Kesler for Roughing.
0:45 of 1st period - Joe Thornton wins face-off versus Bryan Little in MapleLeafs zone.
0:56 of 1st period - Snap shot by Bryan Little.
0:56 of 1st period - Stopped by Ondrej Pavelec with a rebound.
1:13 of 1st period - Off-side.
1:14 of 1st period - Zach Parise wins face-off versus Mikko Koivu in neutral zone.
2:44 of 1st period - Penalty to Ryan Kesler is over, Ryan Kesler is back on ice.
2:52 of 1st period - Taylor Hall is hit by Drew Doughty and loses puck.
3:05 of 1st period - Slava Voynov is hit by Nick Foligno and loses puck.
3:55 of 1st period - Snap shot by Cody McLeod.
3:55 of 1st period - Stopped by Ondrej Pavelec with a rebound.
3:57 of 1st period - Wrist shot by Riley Nash.
3:57 of 1st period - Goal by Riley Nash - Flyers : 1 - MapleLeafs : 0.
3:58 of 1st period - Zack Smith wins face-off versus Bryan Little in neutral zone.
5:33 of 1st period - Wrist shot by Evgeni Malkin.
5:33 of 1st period - Goal by Evgeni Malkin - Flyers : 2 - MapleLeafs : 0.
5:34 of 1st period - Joe Thornton wins face-off versus Bryan Little in neutral zone.
5:51 of 1st period - Wrist shot by Jakub Voracek.
5:51 of 1st period - Stopped by Ondrej Pavelec with a rebound.
5:53 of 1st period - Backhand shot by Bryan Little.
5:53 of 1st period - Stopped by Ondrej Pavelec with a rebound.
6:34 of 1st period - Slapshot by Drew Doughty.
6:34 of 1st period - Deflect By Kyle Palmieri.
6:34 of 1st period - Shot Blocked by Taylor Hall.
6:34 of 1st period - Puck is out of play.
6:35 of 1st period - Gregory Campbell wins face-off versus Taylor Hall in Flyers zone.
6:48 of 1st period - Robyn Regehr is hit by Evgeni Malkin and loses puck.
8:08 of 1st period - Wrist shot by Zach Parise.
8:08 of 1st period - Stopped by Corey Crawford without a rebound.
8:09 of 1st period - Bryan Little wins face-off versus Brandon Sutter in Flyers zone.
8:16 of 1st period - Jakub Voracek is hit by Jarred Tinordi.
8:57 of 1st period - Wrist shot by Ryan Kesler.
8:57 of 1st period - Stopped by Corey Crawford without a rebound.
8:58 of 1st period - Riley Nash wins face-off versus Joe Thornton in Flyers zone.
9:26 of 1st period - Minor Penalty to Drew Doughty for Boarding.
9:27 of 1st period - Mikko Koivu wins face-off versus Joe Thornton in MapleLeafs zone.
9:37 of 1st period - Wrist shot by Alexander Steen.
9:37 of 1st period - Shot Misses the Net.
10:21 of 1st period - Alexander Steen is hit by Kris Letang and loses puck.
11:26 of 1st period - Penalty to Drew Doughty is over, Drew Doughty is back on ice.
11:26 of 1st period - Karl Alzner is hit by Gabriel Landeskog and loses puck.
11:39 of 1st period - Gabriel Landeskog is hit by Lee Stempniak and loses puck.
14:06 of 1st period - Jason Chimera is hit by Dominic Moore and loses puck.
14:33 of 1st period - Snap shot by Nick Foligno.
14:33 of 1st period - Shot Misses the Net.
15:01 of 1st period - Snap shot by Evgeni Malkin.
15:01 of 1st period - Stopped by Ondrej Pavelec without a rebound.
15:02 of 1st period - Mikko Koivu wins face-off versus Joe Thornton in MapleLeafs zone.
15:25 of 1st period - Wrist shot by Alexander Steen.
15:25 of 1st period - Shot Blocked by Dennis Seidenberg.
16:15 of 1st period - Jarred Tinordi is hit by Dennis Seidenberg.
16:35 of 1st period - Snap shot by Nick Foligno.
16:35 of 1st period - Shot Misses the Net.
17:52 of 1st period - Evgeni Malkin is hit by Kyle Palmieri.
19:38 of 1st period - Wrist shot by Drew Doughty.
19:38 of 1st period - Shot Misses the Net.
19:40 of 1st period - Slapshot by Drew Doughty.
19:40 of 1st period - Stopped by Corey Crawford without a rebound.
19:41 of 1st period - Mikko Koivu wins face-off versus Gregory Campbell in Flyers zone.
19:54 of 1st period - Slapshot by Drew Doughty.
19:54 of 1st period - Shot Blocked by P.K. Subban.
19:56 of 1st period - Slapshot by Jarred Tinordi.
19:56 of 1st period - Stopped by Corey Crawford without a rebound.
19:57 of 1st period - Riley Nash wins face-off versus Brandon Sutter in Flyers zone.
Goals for this period are 2 for Flyers vs 0 for MapleLeafs.
Shots for this period are 8 for Flyers vs 4 for MapleLeafs.

2nd period


0:01 of 2nd period - Joe Thornton wins face-off versus Mikko Koivu in neutral zone.
0:14 of 2nd period - Off-side.
0:15 of 2nd period - Joe Thornton wins face-off versus Mikko Koivu in neutral zone.
0:36 of 2nd period - Kris Letang is hit by Robyn Regehr and loses puck.
0:41 of 2nd period - Slapshot by Joe Thornton.
0:41 of 2nd period - Stopped by Corey Crawford without a rebound.
0:42 of 2nd period - Bryan Little wins face-off versus Brandon Sutter in Flyers zone.
1:06 of 2nd period - Jack Johnson is hit by Brandon Sutter and loses puck.
1:42 of 2nd period - Snap shot by Niklas Kronwall.
1:42 of 2nd period - Shot Misses the Net.
1:53 of 2nd period - Snap shot by Mark Letestu.
1:53 of 2nd period - Stopped by Ondrej Pavelec with a rebound.
2:03 of 2nd period - Snap shot by Jason Chimera.
2:03 of 2nd period - Shot Misses the Net.
2:54 of 2nd period - Minor Penalty to Slava Voynov for Holding Stick.
2:55 of 2nd period - Mark Letestu wins face-off versus Brandon Sutter in Flyers zone.
2:58 of 2nd period - Off-side.
2:59 of 2nd period - Mark Letestu wins face-off versus Brandon Sutter in neutral zone.
3:07 of 2nd period - Snap shot by Mark Letestu.
3:07 of 2nd period - Stopped by Ondrej Pavelec with a rebound.
3:13 of 2nd period - Slapshot by Niklas Kronwall.
3:13 of 2nd period - Deflect By Jason Chimera.
3:13 of 2nd period - Shot Blocked by Robyn Regehr.
3:13 of 2nd period - Puck is out of play.
3:14 of 2nd period - Brandon Sutter wins face-off versus Mark Letestu in MapleLeafs zone.
3:37 of 2nd period - Wrist shot by Mark Letestu.
3:37 of 2nd period - Shot Misses the Net.
3:39 of 2nd period - Slapshot by Niklas Kronwall.
3:39 of 2nd period - Stopped by Ondrej Pavelec with a rebound.
4:01 of 2nd period - Wrist shot by Mark Letestu.
4:01 of 2nd period - Shot Blocked by Robyn Regehr.
4:11 of 2nd period - Dennis Seidenberg is hit by Joe Thornton and loses puck.
4:54 of 2nd period - Penalty to Slava Voynov is over, Slava Voynov is back on ice.
5:09 of 2nd period - Lee Stempniak is hit by Cody McLeod and loses puck.
5:29 of 2nd period - Wrist shot by Lee Stempniak.
5:29 of 2nd period - Stopped by Corey Crawford without a rebound.
5:30 of 2nd period - Mikko Koivu wins face-off versus Gregory Campbell in Flyers zone.
5:47 of 2nd period - Slapshot by Taylor Hall.
5:47 of 2nd period - Stopped by Ondrej Pavelec without a rebound.
5:48 of 2nd period - Gregory Campbell wins face-off versus Mikko Koivu in MapleLeafs zone.
6:05 of 2nd period - Snap shot by Evgeni Malkin.
6:05 of 2nd period - Stopped by Ondrej Pavelec without a rebound.
6:06 of 2nd period - Joe Thornton wins face-off versus Bryan Little in MapleLeafs zone.
6:11 of 2nd period - Drew Doughty is hit by Bryan Little and loses puck.
6:28 of 2nd period - Snap shot by Alexander Steen.
6:28 of 2nd period - Stopped by Corey Crawford with a rebound.
6:30 of 2nd period - Slapshot by Alexander Steen.
6:30 of 2nd period - Stopped by Corey Crawford with a rebound.
6:32 of 2nd period - Slapshot by Drew Doughty.
6:32 of 2nd period - Shot Misses the Net.
6:34 of 2nd period - Snap shot by Ryan Kesler.
6:34 of 2nd period - Stopped by Corey Crawford without a rebound.
6:35 of 2nd period - Brandon Sutter wins face-off versus Mikko Koivu in Flyers zone.
7:04 of 2nd period - Snap shot by Dustin Brown.
7:04 of 2nd period - Shot Misses the Net.
7:06 of 2nd period - Slapshot by Marc-Edouard Vlasic.
7:06 of 2nd period - Stopped by Corey Crawford without a rebound.
7:07 of 2nd period - Joe Thornton wins face-off versus Mark Letestu in Flyers zone.
8:24 of 2nd period - Wrist shot by Nick Foligno.
8:24 of 2nd period - Shot Misses the Net.
8:26 of 2nd period - Slapshot by Lee Stempniak.
8:26 of 2nd period - Shot Blocked by Dennis Seidenberg.
8:58 of 2nd period - Snap shot by Zach Parise.
8:58 of 2nd period - Deflect By Dustin Brown.
8:58 of 2nd period - Stopped by Corey Crawford with a rebound.
9:00 of 2nd period - Wrist shot by Marc-Edouard Vlasic.
9:00 of 2nd period - Deflect By Zach Parise.
9:00 of 2nd period - Shot Misses the Net.
9:00 of 2nd period - Puck is out of play.
9:01 of 2nd period - Mikko Koivu wins face-off versus Gregory Campbell in Flyers zone.
9:06 of 2nd period - Snap shot by Evgeni Malkin.
9:06 of 2nd period - Stopped by Ondrej Pavelec without a rebound.
9:07 of 2nd period - Gregory Campbell wins face-off versus Mikko Koivu in MapleLeafs zone.
9:12 of 2nd period - Mikko Koivu is hit by Jarred Tinordi and loses puck.
9:25 of 2nd period - Slapshot by Jack Johnson.
9:25 of 2nd period - Shot Blocked by Kyle Palmieri.
11:32 of 2nd period - Slapshot by Dustin Brown.
11:32 of 2nd period - Stopped by Corey Crawford without a rebound.
11:33 of 2nd period - Bryan Little wins face-off versus Zack Smith in Flyers zone.
11:42 of 2nd period - Slapshot by Nick Foligno.
11:42 of 2nd period - Shot Misses the Net.
11:46 of 2nd period - Snap shot by Nick Foligno.
11:46 of 2nd period - Stopped by Corey Crawford with a rebound.
11:48 of 2nd period - Wrist shot by Zack Smith.
11:48 of 2nd period - Stopped by Corey Crawford without a rebound.
11:49 of 2nd period - Zack Smith wins face-off versus Bryan Little in Flyers zone.
11:50 of 2nd period - Slapshot by Nick Foligno.
11:50 of 2nd period - Shot Misses the Net.
12:14 of 2nd period - Wrist shot by Lee Stempniak.
12:14 of 2nd period - Stopped by Corey Crawford without a rebound.
12:15 of 2nd period - Evgeni Malkin wins face-off versus Joe Thornton in Flyers zone.
12:34 of 2nd period - Snap shot by Taylor Hall.
12:34 of 2nd period - Goal by Taylor Hall - Flyers : 3 - MapleLeafs : 0.
12:35 of 2nd period - Bryan Little wins face-off versus Joe Thornton in neutral zone.
13:13 of 2nd period - Wrist shot by Jakub Voracek.
13:13 of 2nd period - Goal by Jakub Voracek - Flyers : 4 - MapleLeafs : 0.
13:13 of 2nd period - Cory Schneider enters game.
13:14 of 2nd period - Brandon Sutter wins face-off versus Mikko Koivu in neutral zone.
13:27 of 2nd period - Snap shot by Dustin Brown.
13:27 of 2nd period - Shot Misses the Net.
13:38 of 2nd period - Wrist shot by Taylor Hall.
13:38 of 2nd period - Stopped by Cory Schneider with a rebound.
13:40 of 2nd period - Slapshot by Jack Johnson.
13:40 of 2nd period - Shot Blocked by Brandon Sutter.
13:42 of 2nd period - Slapshot by Mikko Koivu.
13:42 of 2nd period - Shot Misses the Net.
13:44 of 2nd period - Slapshot by Jack Johnson.
13:44 of 2nd period - Shot Blocked by Karl Alzner.
13:46 of 2nd period - Slapshot by Jack Johnson.
13:46 of 2nd period - Deflect By Evgeni Malkin.
13:46 of 2nd period - Shot Blocked by Karl Alzner.
13:46 of 2nd period - Puck is out of play.
13:47 of 2nd period - Bryan Little wins face-off versus Joe Thornton in MapleLeafs zone.
13:48 of 2nd period - Snap shot by Jakub Voracek.
13:48 of 2nd period - Shot Misses the Net.
14:26 of 2nd period - Minor Penalty to Alexander Steen for Interference.
14:27 of 2nd period - Mikko Koivu wins face-off versus Joe Thornton in MapleLeafs zone.
14:47 of 2nd period - Wrist shot by Nick Foligno.
14:47 of 2nd period - Goal by Nick Foligno - Flyers : 4 - MapleLeafs : 1.
14:48 of 2nd period - Mikko Koivu wins face-off versus Joe Thornton in neutral zone.
14:55 of 2nd period - Wrist shot by Evgeni Malkin.
14:55 of 2nd period - Goal by Evgeni Malkin - Flyers : 5 - MapleLeafs : 1.
14:56 of 2nd period - Brandon Sutter wins face-off versus Evgeni Malkin in neutral zone.
15:33 of 2nd period - Wrist shot by Taylor Hall.
15:33 of 2nd period - Stopped by Cory Schneider with a rebound.
17:54 of 2nd period - Snap shot by Evgeni Malkin.
17:54 of 2nd period - Stopped by Cory Schneider with a rebound.
17:56 of 2nd period - Snap shot by Kris Letang.
17:56 of 2nd period - Shot Hit the Post.
17:58 of 2nd period - Snap shot by Evgeni Malkin.
17:58 of 2nd period - Goal by Evgeni Malkin - Flyers : 6 - MapleLeafs : 1.
17:59 of 2nd period - Joe Thornton wins face-off versus Mikko Koivu in neutral zone.
18:14 of 2nd period - Snap shot by Taylor Hall.
18:14 of 2nd period - Shot Blocked by Karl Alzner.
18:32 of 2nd period - Karl Alzner is hit by P.K. Subban and loses puck.
18:55 of 2nd period - Wrist shot by Dustin Brown.
18:55 of 2nd period - Shot Misses the Net.
19:17 of 2nd period - Robyn Regehr is hit by Bryan Little and loses puck.
Goals for this period are 4 for Flyers vs 1 for MapleLeafs.
Shots for this period are 13 for Flyers vs 12 for MapleLeafs.

3rd period


0:01 of 3rd period - Joe Thornton wins face-off versus Mikko Koivu in neutral zone.
0:20 of 3rd period - Alexander Steen is hit by Kris Letang.
0:24 of 3rd period - Mikko Koivu is hit by Robyn Regehr and loses puck.
1:59 of 3rd period - Zack Smith is hit by Chris Kreider and loses puck.
2:12 of 3rd period - Dominic Moore is hit by Jason Chimera and loses puck.
2:32 of 3rd period - P.K. Subban is hit by Scott Harrington and loses puck.
2:57 of 3rd period - Slapshot by P.K. Subban.
2:57 of 3rd period - Shot Misses the Net.
2:59 of 3rd period - Wrist shot by Cody McLeod.
2:59 of 3rd period - Shot Misses the Net.
5:26 of 3rd period - Minor Penalty to Drew Doughty for Holding.
5:27 of 3rd period - Mikko Koivu wins face-off versus Alexander Steen in MapleLeafs zone.
6:02 of 3rd period - Wrist shot by Taylor Hall.
6:02 of 3rd period - Shot Misses the Net.
6:04 of 3rd period - Slapshot by Kris Letang.
6:04 of 3rd period - Deflect By Taylor Hall.
6:04 of 3rd period - Shot Blocked by Marc-Edouard Vlasic.
6:04 of 3rd period - Puck is out of play.
6:05 of 3rd period - Joe Thornton wins face-off versus Bryan Little in MapleLeafs zone.
6:59 of 3rd period - Robyn Regehr is hit by Evgeni Malkin and loses puck.
7:26 of 3rd period - Penalty to Drew Doughty is over, Drew Doughty is back on ice.
7:30 of 3rd period - Snap shot by Bryan Little.
7:30 of 3rd period - Stopped by Cory Schneider with a rebound.
7:48 of 3rd period - Jason Chimera is hit by Dustin Brown and loses puck.
7:58 of 3rd period - Zach Parise is hit by Chris Kreider and loses puck.
8:39 of 3rd period - Karl Alzner is hit by Daniel Winnik and loses puck.
8:52 of 3rd period - Daniel Winnik is hit by Marc-Edouard Vlasic and loses puck.
9:24 of 3rd period - Snap shot by Taylor Hall.
9:24 of 3rd period - Stopped by Cory Schneider without a rebound.
9:25 of 3rd period - Gregory Campbell wins face-off versus Bryan Little in MapleLeafs zone.
9:48 of 3rd period - Snap shot by Kyle Palmieri.
9:48 of 3rd period - Shot Misses the Net.
10:04 of 3rd period - Snap shot by Zach Parise.
10:04 of 3rd period - Shot Misses the Net.
10:40 of 3rd period - Minor Penalty to Zack Smith for Tripping.
10:41 of 3rd period - Joe Thornton wins face-off versus Mikko Koivu in MapleLeafs zone.
11:10 of 3rd period - Snap shot by Taylor Hall.
11:10 of 3rd period - Stopped by Cory Schneider with a rebound.
11:52 of 3rd period - Snap shot by Jakub Voracek.
11:52 of 3rd period - Shot Misses the Net.
12:37 of 3rd period - Joe Thornton is hit by Bryan Little and loses puck.
12:40 of 3rd period - Penalty to Zack Smith is over, Zack Smith is back on ice.
12:46 of 3rd period - Backhand shot by Gabriel Landeskog.
12:46 of 3rd period - Stopped by Cory Schneider without a rebound.
12:47 of 3rd period - Brandon Sutter wins face-off versus Bryan Little in MapleLeafs zone.
13:50 of 3rd period - Minor Penalty to Chris Kreider for Hooking.
13:51 of 3rd period - Brandon Sutter wins face-off versus Mark Letestu in Flyers zone.
14:05 of 3rd period - Backhand shot by Dustin Brown.
14:05 of 3rd period - Shot Blocked by Dennis Seidenberg.
14:07 of 3rd period - Slapshot by Karl Alzner.
14:07 of 3rd period - Shot Misses the Net.
14:09 of 3rd period - Slapshot by Marc-Edouard Vlasic.
14:09 of 3rd period - Shot Blocked by Jack Johnson.
14:58 of 3rd period - Wrist shot by Zach Parise.
14:58 of 3rd period - Shot Misses the Net.
15:30 of 3rd period - Ryan Kesler is hit by Daniel Winnik and loses puck.
15:37 of 3rd period - Slapshot by Niklas Kronwall.
15:37 of 3rd period - Shot Misses the Net.
15:42 of 3rd period - Off-side.
15:43 of 3rd period - Joe Thornton wins face-off versus Mark Letestu in neutral zone.
15:50 of 3rd period - Penalty to Chris Kreider is over, Chris Kreider is back on ice.
17:18 of 3rd period - Minor Penalty to Marc-Edouard Vlasic for Tripping.
17:19 of 3rd period - Joe Thornton wins face-off versus Bryan Little in MapleLeafs zone.
17:44 of 3rd period - Minor Penalty to Gabriel Landeskog for Interference.
17:45 of 3rd period - Evgeni Malkin wins face-off versus Joe Thornton in Flyers zone.
18:22 of 3rd period - Robyn Regehr is hit by Evgeni Malkin.
18:36 of 3rd period - P.K. Subban is hit by Drew Doughty.
19:18 of 3rd period - Penalty to Marc-Edouard Vlasic is over, Marc-Edouard Vlasic is back on ice.
19:38 of 3rd period - Wrist shot by Zack Smith.
19:38 of 3rd period - Stopped by Corey Crawford without a rebound.
19:39 of 3rd period - Mark Letestu wins face-off versus Brandon Sutter in Flyers zone.
19:44 of 3rd period - Penalty to Gabriel Landeskog is over, Gabriel Landeskog is back on ice.
Goals for this period are 0 for Flyers vs 0 for MapleLeafs.
Shots for this period are 4 for Flyers vs 1 for MapleLeafs.


Output by the SimonT Hockey Simulator (STHS) for Eric Dolegowski -- Original Page W3C XHTML 1.0 Valid
Hockey Simulator - Hockey Simulation - Hockey Manager